 Dungeon Crawl Stone Soup version 0.30-a0-596-g0af90f9a20 (webtiles) character file.

Game seed: 6810495938877363875

8664 omnomnOMINOUS the Fighter (level 11, 0/80 HPs)
             Began as an Octopode Wanderer on Jan 6, 2023.
             Was a Believer of Ignis.
             Slain by a freezing wraith (10 damage)
             ... in an ice cave.
             The game lasted 00:32:25 (10306 turns).

omnomnOMINOUS the Fighter (Octopode Wanderer)      Turns: 10306, Time: 00:32:25

Health: 0/80       AC: 12    Str:  9    XL:     11   Next: 34%
Magic:  6/26       EV: 16    Int: 21    God:    Ignis [**....]
Gold:   465        SH:  5    Dex: 12    Spells: 8/18 levels left

rFire   + . .      SeeInvis +    a - +0 scimitar (flame)
rCold   + . .      Faith    .    e - +0 buckler
rNeg    . . .      Spirit   .    (helmet restricted)
rPois   .          Reflect  .    r - amulet of the acrobat
rElec   .          Harm     .    g - ring of see invisible
rCorr   +          Rampage  .    m - +4 ring of protection
Will    .....                    n - ring of resist corrosion
Stlth   ++                       o - ring of magical power
HPRegen 0.33/turn                i - ring of protection from cold
MPRegen 0.20/turn                (no ring)
                                 (no ring)
                                 (no ring)

@: fiery-armoured
A: almost no armour, amphibious, 8 rings, camouflage 1, gelatinous body 1,
(nimble swimmer 1), tentacles
a: Renounce Religion, Fiery Armour, Foxfire Swarm, Rising Flame


You were in an ice cave.
You worshipped Ignis.
Ignis was pleased with you.
You visited 3 branches of the dungeon, and saw 11 of its levels.
You also visited: Ice Cave.

You collected 545 gold pieces.
You spent 80 gold pieces at shops.

Inventory:

Hand Weapons
 a - a +0 scimitar of flaming (weapon)
 b - a +0 dagger of electrocution
 s - a +0 arbalest
 G - a +0 dagger of venom
 L - a +2 heavy trident
 M - a +1 dagger of draining
 N - a +1 whip of pain
 P - a +2 spear of flaming
 U - a +0 hand axe of venom
 W - a +2 dagger
Missiles
 t - 4 poisoned darts
 u - 3 curare-tipped darts (quivered)
 C - 3 throwing nets
Armour
 e - a +0 buckler (worn)
Jewellery
 d - an amulet of faith
 g - a ring of see invisible (left tentacle)
 i - a ring of protection from cold (on tentacle)
 m - a +4 ring of protection (right tentacle)
 n - a ring of resist corrosion (on tentacle)
 o - a ring of magical power (on tentacle)
 r - an amulet of the acrobat (around mantle)
Wands
 l - a wand of polymorph (5)
 p - a wand of flame (23)
 w - a wand of digging (4)
 J - a wand of iceblast (11)
Scrolls
 f - 4 scrolls of immolation
 h - a scroll of enchant armour
 k - 2 scrolls of magic mapping
 y - 2 scrolls of enchant weapon
 D - a scroll of fear
 F - 6 scrolls of teleportation
 H - 2 scrolls of brand weapon
 K - a scroll of butterflies
 Q - a scroll of amnesia
 T - a scroll of fog
 V - a scroll of vulnerability
Potions
 j - 2 potions of curing
 q - a potion of berserk rage
 v - a potion of attraction
 x - a potion of magic
 z - a potion of haste {unknown}
 A - a potion of degeneration
 B - a potion of brilliance {unknown}
 E - a potion of cancellation
 I - 2 potions of lignification
 O - 2 potions of resistance
 R - a potion of flight {unknown}
 S - a potion of mutation {unknown}
Miscellaneous
 c - a piece from Xom's chessboard (15/15)


   Skills:
 + Level 9.3 Fighting
 - Level 3.0 Throwing
 + Level 9.2 Dodging
 - Level 5.0 Shields
 - Level 4.0 Spellcasting
 + Level 9.2 Conjurations
 - Level 4.0 Translocations
 - Level 2.1 Evocations


You had 8 spell levels left.
You knew the following spells:

 Your Spells              Type           Power      Damage    Failure   Level
a - Magic Dart            Conj           100%       1d8       1%          1
b - Searing Ray           Conj           86%        2d7       1%          2
c - Fulminant Prism       Conj/Hex       11%        3d8       22%         4
d - Apportation           Tloc           42%        N/A       3%          1
e - Passwall              Tmut/Erth      3%         N/A       22%         2

Your spell library contained the following spells:

 Spells                   Type           Power      Damage    Failure   Level
 Hailstorm                Conj/Ice       23%        3d7       7%          3
 Teleport Other           Tloc           21%        N/A       9%          3
 Freeze                   Ice            16%        1d4       16%         1
 Ensorcelled Hibernation  Hex/Ice        8%         N/A       22%         2
 Frozen Ramparts          Ice            8%         1d2       41%         3
 Swiftness                Air            4%         N/A       41%         3
 Yara's Violent Unravell  Hex/Tmut       2%         3d3       99%         5
 Enfeeble                 Hex            2%         N/A       100%        7


Dungeon Overview and Level Annotations

Branches:
Dungeon (9/15)             Temple (1/1) D:7            Lair (1/5) D:9
  IceCv (1/1)
    Orc: D:9-12

Altars:
Ashenzari
Cheibriados
Dithmenos
Elyvilon
Fedhas
Gozag
Hepliaklqana
Kikubaaqudgha
Makhleb
Nemelex Xobeh
Okawaru
Qazlal
Ru
Sif Muna
Trog
Uskayaw
Vehumet
Wu Jian
Xom
Yredelemnul
Zin
Ignis

Shops:
D:4 :[::*   D:5 ([   D:7 *

Annotations:
D:9 exclusion: elephant


Innate Abilities, Weirdness & Mutations

You cannot wear most types of armour.
You are amphibious.
You can wear up to eight rings at the same time.
Your skin changes colour to match your surroundings (Stealth+).
Your rubbery body absorbs attacks. (AC +1, EV +1)
((You are camouflaged when in or above water. (Stealth+)))
You have tentacles for arms and can constrict up to eight enemies at once.


Message History

The freezing wraith hits you but does no damage. x2
The freezing wraith closely misses you.
The searing ray hits the freezing wraith.
The freezing wraith is lightly damaged.
You block the freezing wraith's attack. The freezing wraith misses you.
The searing ray hits the freezing wraith.
The freezing wraith is lightly damaged.
The freezing wraith completely misses you. x2
The searing ray hits the freezing wraith!
The freezing wraith is heavily damaged.
You finish channelling your searing ray.
The freezing wraith completely misses you. x2
Casting: Searing Ray (safe; 1% risk of failure)
Confirm with . or Enter, or press ? or * to list all spells.
Aiming: Searing Ray (safe; 1% risk of failure)
Press: ? - help, Shift-Dir - straight line, f/p - freezing wraith
Aim: a freezing wraith (heavily damaged, 82% to hit)
The searing ray hits the freezing wraith.
The freezing wraith is heavily damaged. (Press . to maintain the ray.)
The freezing wraith closely misses you.
The freezing wraith hits you but does no damage.
You hit the freezing wraith but do no damage.
You squeeze the freezing wraith!
The freezing wraith is severely damaged.
The freezing wraith barely misses you.
The freezing wraith hits you but does no damage.
You hit the freezing wraith but do no damage.
The freezing wraith is severely damaged.
You block the freezing wraith's attack. The freezing wraith misses you.
You closely miss the freezing wraith.
The freezing wraith is severely damaged.
The freezing wraith hits you. The freezing wraith freezes you! You resist.
* * * LOW HITPOINT WARNING * * *
You block the freezing wraith's attack. The freezing wraith hits you.
* * * LOW HITPOINT WARNING * * *
The freezing wraith freezes you! You resist.
* * * LOW HITPOINT WARNING * * *
The freezing wraith hits you!
You die...

### ###...
#......
##.......
##........
#.......8.
#.........
#@W......$
#.........
#.......8.
##........
##.......
#......
###... ###


You could see a freezing wraith.

Vanquished Creatures
  A two-headed ogre (D:7)
  2 elephants (D:9)
  Maggie (D:7)
  An unseen horror (D:7)
  3 trolls (D:9)
  A hornet (D:9)
  4 blink frogs (Lair:1)
  A vampire (D:7)
  A steam dragon (D:6)
  A vampire mosquito (D:7)
  A death yak simulacrum (Lair:1)
  Grum (Lair:1)
  Menkaure (D:7)
  7 water moccasins
  An orc warrior (D:7)
  2 ice beasts
  4 black bears
  4 wolves (Lair:1)
  4 centaurs (D:9)
  2 ogres
  A kobold brigand (D:7)
  A phantom (D:7)
  Blork the orc (D:5)
  4 bullfrogs
  4 scorpions
  2 gnoll sergeants
  8 killer bees
  5 howler monkeys (D:8)
  An orc priest (D:7)
  A jelly (D:7)
  Crazy Yiuf (D:7)
  3 hounds
  A gnoll bouda (D:7)
  4 iguanas
  Jessica (D:2)
  8 orc wizards
  A polar bear simulacrum (Lair:1)
  A wolf simulacrum (IceCv)
  Robin (D:2)
  19 gnolls
  5 adders
  2 shadow imps
  3 worms (D:2)
  2 dart slugs
  11 orcs
  4 ball pythons
  11 bats
  8 endoplasms
  3 giant cockroaches
  12 goblins
  11 hobgoblins
  3 jackals (D:1)
  6 kobolds
  3 quokkas
  3 frilled lizards
  2 rats
  A spectral orc (D:7)
201 creatures vanquished.

Vanquished Creatures (others)
  48 foxfires
  A fulminant prism (Lair:1)
  A fungus (Lair:1)
  15 plants
65 creatures vanquished.

Grand Total: 266 creatures vanquished

Notes
Turn   | Place    | Note
-------+----------+-------------------------------------------
     0 | D:1      | omnomnOMINOUS the Octopode Wanderer began the quest for the
                  | Orb.
     0 | D:1      | omnomnOMINOUS set off with the following items: a +2
                  | dagger, 2 curare-tipped darts, a piece from Xom's
                  | chessboard (15/15), a potion of heal wounds; and the
                  | following spell memorised: Apportation; and the following
                  | spells available to memorise: Teleport Other.
     0 | D:1      | Reached XP level 1. HP: 11/11 MP: 2/2
    74 | D:1      | Found a faded altar of an unknown god.
   107 | D:1      | Prayed at the altar of an unknown god.
   107 | D:1      | Became a worshipper of Ignis, the Dying Flame
   119 | D:1      | Learned a level 1 spell: Magic Dart
   245 | D:1      | Reached XP level 2. HP: 18/18 MP: 3/3
   545 | D:1      | Reached skill level 1 in Fighting
   583 | D:1      | Reached skill level 1 in Dodging
   583 | D:1      | Reached XP level 3. HP: 23/23 MP: 5/5
   699 | D:1      | Reached skill level 1 in Shields
   943 | D:2      | Noticed Robin
   949 | D:2      | Noticed Jessica
   952 | D:2      | Reached skill level 1 in Conjurations
   952 | D:2      | Killed Jessica
   953 | D:2      | Reached XP level 4. HP: 14/28 MP: 6/6
  1034 | D:2      | Killed Robin
  1570 | D:3      | Learned a level 2 spell: Searing Ray
  1600 | D:3      | Reached XP level 5. HP: 34/34 MP: 8/8
  2103 | D:3      | Learned a level 4 spell: Fulminant Prism
  2224 | D:4      | Found Wupnuode's Book Emporium.
  2299 | D:4      | You fall into a shaft and drop 3 floors!
  2304 | D:7      | Found a shimmering blue altar of Sif Muna.
  2305 | D:7      | Noticed a black bear
  2314 | D:7      | Noticed a water moccasin
  2316 | D:7      | Noticed a water moccasin
  2330 | D:7      | Killed a water moccasin
  2331 | D:7      | Reached XP level 6. HP: 41/41 MP: 5/9
  2333 | D:7      | Killed a water moccasin
  2350 | D:7      | Noticed a water moccasin
  2357 | D:7      | Reached XP level 7. HP: 18/45 MP: 4/11
  2415 | D:7      | Found a sacrificial altar of Ru.
  2508 | D:6      | Found a broken altar of Ashenzari.
  2618 | D:6      | Found an ornate altar of the Wu Jian Council.
  2654 | D:5      | Entered Level 5 of the Dungeon
  2905 | D:5      | Noticed Blork the orc
  2913 | D:5      | Killed Blork the orc
  3001 | D:5      | Found an ancient bone altar of Kikubaaqudgha.
  3056 | D:5      | Reached XP level 8. HP: 44/53 MP: 13/13
  3221 | D:5      | Found a shadowy altar of Dithmenos.
  3287 | D:5      | Found Isetsuyrch's Antique Armour Emporium.
  3606 | D:5      | Found Voklaido's Weapon Shop.
  3631 | D:4      | Found Lengeh's Book Boutique.
  3908 | D:4      | Found Kaw Pusko's Antique Armour Shop.
  4162 | D:4      | Found Vagun's Assorted Antiques.
  4173 | D:4      | Bought a wooden wand for 64 gold pieces
  4173 | D:4      | Bought a scroll labelled LORANL FEONAME for 16 gold pieces
  4179 | D:4      | Found Jokojabb's Book Shoppe.
  4747 | D:7      | Noticed Maggie
  4756 | D:7      | Killed Maggie
  4757 | D:7      | Reached skill level 5 in Fighting
  4757 | D:7      | Reached skill level 5 in Dodging
  4757 | D:7      | Reached skill level 5 in Shields
  4757 | D:7      | Reached skill level 5 in Conjurations
  4757 | D:7      | Reached XP level 9. HP: 39/61 MP: 15/15
  5283 | D:6      | Found a blossoming altar of Fedhas.
  5445 | D:6      | Learned a level 2 spell: Passwall
  5478 | D:7      | Noticed Menkaure
  5484 | D:7      | Killed Menkaure
  5557 | D:7      | Noticed an unseen horror
  5781 | D:7      | Noticed a two-headed ogre
  5905 | D:7      | Found a basalt altar of Yredelemnul.
  5965 | D:7      | Found a runed translucent door.
  5966 | D:7      | Noticed Crazy Yiuf
  6356 | D:7      | Killed a two-headed ogre
  6357 | D:7      | Reached XP level 10. HP: 43/71 MP: 16/16
  6510 | D:7      | Killed an unseen horror
  6560 | D:7      | Found a staircase to the Ecumenical Temple.
  6591 | D:7      | Found Gozag's Platinum Reserve.
  6593 | D:7      | Found an opulent altar of Gozag.
  6856 | D:7      | Found a hazy altar of Hepliaklqana.
  7149 | D:7      | Killed Crazy Yiuf
  7863 | D:9      | Found a stormy altar of Qazlal.
  7916 | D:9      | Noticed an elephant
  7938 | D:9      | Killed an elephant
  8187 | D:9      | Noticed an elephant
  8199 | D:9      | Noticed an elephant
  8227 | D:9      | Killed an elephant
  8622 | D:9      | Found a staircase to the Lair.
  8674 | D:9      | Noticed an elephant
  9067 | D:9      | Reached XP level 11. HP: 71/78 MP: 17/17
  9287 | D:9      | Found an iron altar of Okawaru.
  9504 | D:9      | Found a radiant altar of Vehumet.
  9868 | Temple   | Entered the Ecumenical Temple
 10114 | Lair:1   | Entered Level 1 of the Lair of Beasts
 10213 | Lair:1   | Found a frozen archway.
 10213 | Lair:1   | Noticed Grum
 10226 | Lair:1   | Killed Grum
 10281 | IceCv    | Entered an ice cave
 10306 | IceCv    | Slain by a freezing wraith

Illustrated notes

Levels and vault maps discovered:
D:1:      amcnicky_arrival_single_pillar, layout_basic,
          hellmonk_ecumenical_altar_blasted, minmay_pentomino_t2
D:2:      wad_pebble_path, layout_rooms, uniq_robin, uniq_jessica
D:3:      layout_basic, kennysheep_generic_room_11
D:4:      layout_layer_cave, serial_shops,
          nicolae_shop_temple_entry_statues_fountains, nicolae_shop_waterfront,
          shop, nicolae_shop_advertising_works [nicolae_subvault_shop_adworks],
          nicolae_shop_overgrown_old_shop
D:5:      layout_loops_ring, nicolae_dithmenos_through_a_glass_darkly,
          nicolae_overflow_crystal_walls, serial_shops, nicolae_square_shop,
          shop, uniq_blork_the_orc
D:6:      layout_cave_pools, lemuel_tele_altar,
          mainiacjoe_overflow_cross_hatched, mainiacjoe_overflow_alcove_1
D:7:      cheibrodos_fzero, layout_basic, lemuel_crystal_altar,
          jmf_multi_god_temple, nicolae_hepliaklqana_monster_ancestors,
          nicolae_gozag_zags_fifth_avenue, minmay_temple_entry_poolview,
          uniq_maggie, uniq_crazy_yiuf_cottage, uniq_menkaure
D:8:      layout_cave_pools, solitary_fountain, minmay_misc_feat_x
D:9:      wad_woods_tower, layout_irregular_city, mainiacjoe_overflow_brackets,
          okawaru_ov_weapons_minmay, mainiacjoe_overflow_surrounded_room,
          kennysheep_opposing_triangles
Temple:   nicolae_temple_godpark
Lair:1:   layout_loops_ring, portal_ice_cave_entry_ice_simulacra, uniq_grum
IceCv:    ice_cave_statue_garden_transporter

Skill      XL: |  1  2  3  4  5  6  7  8  9 10 11 |
---------------+----------------------------------+-----
Fighting       | 1 2 3 5 7 8 9 |  9.3
Dodging        | 1 2 3 5 7 8 9 |  9.2
Shields        | 1 2 3 5 |  5.0
Conjurations   | 1 2 3 5 6 8 9 |  9.2
Spellcasting   | 2 3 4 |  4.0
Throwing       | |  3.0
Translocations | |  4.0
Evocations     | |  2.1

Action                   |  1- 3 |  4- 6 |  7- 9 | 10-12 || total
-------------------------+-------+-------+-------+-------++-------
Melee: Dagger            |    62 |    66 |    39 |       ||   167
       Constrict         |    18 |    19 |    11 |    12 ||    60
       Tentacles         |     7 |    16 |    17 |    12 ||    52
       Punch             |     1 |       |     2 |     4 ||     7
       Unarmed           |       |    14 |       |       ||    14
       Scimitar          |       |       |    14 |    66 ||    80
Throw: Dart              |       |       |     1 |       ||     1
 Cast: Searing Ray       |       |     6 |    55 |    71 ||   132
       Magic Dart        |       |     3 |     5 |     1 ||     9
       Apportation       |       |       |     3 |       ||     3
       Passwall          |       |       |     1 |       ||     1
       Fulminant Prism   |       |       |       |     1 ||     1
Invok: Foxfire Swarm     |     1 |     1 |     2 |       ||     4
       Fiery Armour      |       |     1 |     1 |     2 ||     4
  Use: Potion            |       |     1 |     4 |     3 ||     8
       Scroll            |       |     2 |     7 |     7 ||    16
 Stab: Sleeping          |     3 |     6 |     7 |       ||    16
Armor: Skin              |     7 |    25 |    22 |    40 ||    94
Dodge: Dodged            |    37 |    52 |   155 |   316 ||   560
Block: Buckler           |     4 |    18 |    34 |    79 ||   135

Table legend: (Time is in decaauts)
 A = Elapsed time spent in this place.
 B = Non-inter-level travel time spent in this place.
 C = Inter-level travel time spent in this place.
 D = Time resting spent in this place.
 E = Time spent auto-exploring this place.
 F = Levels seen in this place.
 G = Mean time per level.
                   A        B        C        D        E       F      G
               +--------+--------+--------+--------+--------+-----+--------+
         Total |  10358 |   9900 |    458 |   2261 |   5529 |  12 |  863.2 |
       Dungeon |  10005 |   9547 |    458 |   2210 |   5431 |   9 | 1111.7 |
        Temple |    155 |    155 |      0 |      0 |     98 |   1 |  155.0 |
          Lair |    168 |    168 |      0 |     51 |      0 |   1 |  168.0 |
      Ice Cave |     28 |     28 |      0 |      0 |      0 |   1 |   28.0 |
               +--------+--------+--------+--------+--------+-----+--------+

Top non-repeatable levels by time:
     D:7: 2249 daAuts
     D:9: 1703 daAuts
     D:5: 1300 daAuts
     D:6: 1077 daAuts
     D:1: 998 daAuts
     D:4: 766 daAuts
     D:8: 739 daAuts
     D:3: 639 daAuts
     D:2: 529 daAuts
  Lair:1: 168 daAuts
  Temple: 155 daAuts
   IceCv: 28 daAuts
